 Dungeon Crawl Stone Soup version 0.25-a0-566-g062765be81 (webtiles) character file.

Game seed: 14228167590944512396, levelgen mode: deterministic

96239 Flugslaktarn the Severer (level 15, -9/140 HPs)
             Began as a Deep Dwarf Fighter on Feb 27, 2020.
             Was the Champion of Makhleb.
             Killed by the raging water
             ... invoked by a water nymph
              (27 damage)
             ... on level 2 of the Shoals.
             The game lasted 00:13:02 (13036 turns).

Flugslaktarn the Severer (Deep Dwarf Fighter)      Turns: 13036, Time: 00:13:03

Health: -9/140     AC: 26    Str: 26    XL:     15   Next: 31%
Magic:  5/5        EV:  9    Int:  9    God:    Makhleb [******]
Gold:   373        SH: 13    Dex: 12    Spells: 14/14 levels left

rFire    + + +     SeeInvis +   y - +1 broad axe (vorpal)
rCold    . . .     Gourm    .   R - +0 kite shield
rNeg     + . .     Faith    .   C - +6 chain mail "Sielih" {MR- Regen+ rCorr SInv}
rPois    .         Spirit   .   T - +1 hat "Jidwonuse" {rF+++}
rElec    .         Reflect  .   (no cloak)
rCorr    +         Harm     .   L - +2 pair of gloves
MR       +++..                  J - +2 pair of boots
Stlth    ..........             v - amulet of the acrobat
HPRegen  0.00/turn              m - ring of protection from magic
MPRegen  0.09/turn              A - ring of protection from magic

@: non-regenerating, very slow
A: damage resistance, heal wounds, negative energy resistance 1, sense
surroundings 2, no regeneration
}: 1/15 runes: gossamer
a: Heal Wounds, Minor Destruction, Lesser Servant of Makhleb, Major Destruction,
Greater Servant of Makhleb, Renounce Religion


You were on level 2 of the Shoals.
You worshipped Makhleb.
Makhleb was exalted by your worship.
You were not hungry.

You visited 5 branches of the dungeon, and saw 22 of its levels.
You visited the Abyss 1 time.
You also visited: Sewer and Ice Cave.

You collected 953 gold pieces.
You spent 580 gold pieces at shops.

Inventory:

Hand Weapons
 a - a +1 war axe
 y - a +1 vorpal broad axe (weapon)
   (You took it off Maggie on level 7 of the Dungeon)
Missiles
 G - 16 throwing nets (quivered)
Armour
 l - a +0 plate armour
   (You took it off an orc warrior on level 6 of the Dungeon)
 C - the +6 chain mail "Sielih" (worn) {MR- Regen+ rCorr SInv}
   (You found it in an ice cave)

   It affects your resistance to hostile enchantments.
   It lets you see invisible.
   It increases your rate of regeneration.
   It provides partial protection from all sources of acid and corrosion.
   If you remove this armour, your AC will decrease by 18 (26 -> 8).
 J - a +2 pair of boots (worn)
   (You found it on level 6 of the Dungeon)
 L - a +2 pair of gloves (worn)
   (You found it on level 2 of the Lair of Beasts)
 N - a +1 hat of magic resistance
   (You took it off Gastronok on level 3 of the Lair of Beasts)
 R - a +0 kite shield (worn)
 S - the -1 hat of the Three of Pentacles {rF+ Regen+ MP+9 Dex-4}
   (You found it in an ice cave)

   It affects your dexterity (-4).
   It protects you from fire.
   It affects your magic capacity (+9).
   It increases your rate of regeneration.
   If you switch to wearing this armour, your AC will decrease by 2 (26 -> 24).
 T - the +1 hat "Jidwonuse" (worn) {rF+++}
   (You found it in an ice cave)

   It renders you almost immune to fire.
   If you remove this armour, your AC will decrease by 1 (26 -> 25).
Jewellery
 c - an uncursed ring of protection from cold
   (You found it in an ice cave)
 j - a +1 ring of slaying
   (You found it on level 3 of the Dungeon)
 m - a ring of protection from magic (left hand)
   (You took it off an orc wizard on level 8 of the Dungeon)
 o - an uncursed ring of poison resistance
   (You bought it in a shop on level 7 of the Dungeon)
 p - a +2 ring of protection
   (You found it on level 7 of the Dungeon)
 v - an amulet of the acrobat (around neck)
   (You found it on level 7 of the Dungeon)
 z - an uncursed amulet of faith {unknown}
   (You found it on level 1 of the Shoals)
 A - a ring of protection from magic (right hand)
   (You found it on level 8 of the Dungeon)
Wands
 b - a wand of clouds (1)
   (You took it off Joseph on level 7 of the Dungeon)
 H - a wand of paralysis (22)
   (You took it off an orc on level 8 of the Dungeon)
 M - a wand of iceblast (20)
   (You found it in an ice cave)
 V - a wand of enslavement (10)
   (You found it on level 4 of the Spider Nest)
Scrolls
 i - 5 scrolls of fog
 k - a scroll of torment
 r - 2 scrolls of identify
 t - 9 scrolls of teleportation
 w - 15 scrolls of remove curse
 x - a scroll of magic mapping
 E - 3 scrolls of amnesia
 P - 2 scrolls of fear
 Q - a scroll of enchant armour
Potions
 d - 4 potions of might
 f - 2 potions of berserk rage
 g - 7 potions of heal wounds
 h - 4 potions of haste
 n - a potion of magic
 q - a potion of curing
 s - 3 potions of brilliance
 u - 8 potions of flight
 B - 2 potions of stabbing
 D - 2 potions of invisibility
 F - a potion of mutation
 I - a potion of lignification
 K - 4 potions of ambrosia
 O - a potion of degeneration {unknown}
Comestibles
 e - 26 rations
 U - 16 chunks of flesh


   Skills:
 + Level 10.8 Fighting
 * Level 16.5 Axes
 + Level 12.5 Armour
 + Level 1.6 Dodging
 + Level 12.5 Shields
 - Level 15.0 Invocations


You had 14 spell levels left.
You didn't know any spells.
Your spell library was empty.

Dungeon Overview and Level Annotations

Branches:
Dungeon (10/15)            Temple (1/1) D:4            Lair (5/6) D:10
 Shoals (2/4) Lair:4       Spider (4/4) Lair:3        Sewer (visited)
  IceCv (visited)
  Slime: Lair:5-6       Orc: D:9-12

Altars:
Ashenzari
Cheibriados
Dithmenos
Fedhas
Hepliaklqana
Kikubaaqudgha
Makhleb
Qazlal
Ru
Sif Muna
Trog
Uskayaw
Vehumet
Wu Jian
Xom
Yredelemnul
The Shining One

Shops:
D:7 =?[   D:8 (   Shoals:1 :

Annotations:
Lair:1 exclusion: oklob plant
Lair:4 exclusion: 3 oklob plants


Innate Abilities, Weirdness & Mutations

You are resistant to damage.
You can heal yourself by infusing magical energy.
You resist negative energy. (rN+)
You passively map the area around you.
You do not regenerate.


Message History

* * * LOW HITPOINT WARNING * * *
The water nymph drowns you!
* * * LOW HITPOINT WARNING * * *
The water nymph casts a spell at you. The water swirls and strikes you!!
* * * LOW HITPOINT WARNING * * *
You hit the water nymph.
The water nymph is heavily wounded.
Your chain mail "Sielih" prevents you from hitting the water nymph.
Your shield and chain mail "Sielih" prevent you from hitting the harpy.
You hit the harpy but do no damage. The harpy claws you.
The harpy claws you but does no damage. You block the harpy's attack. x2
The water nymph barely misses you.
Your shield and chain mail "Sielih" prevent you from hitting the water nymph.
The water nymph is heavily wounded.
You slash the water nymph! The harpy barely misses you.
The harpy claws you but does no damage.
The water nymph points at you and mumbles some strange words.
The water swirls and strikes you!!
You die...

** ≈≈ ≈ ≈ ≈ ≈ ≈ ≈ ≈
,.≈≈≈≈≈≈≈≈≈≈≈≈≈ ≈ ≈ ≈
≈≈≈≈≈≈≈≈≈≈≈≈≈≈≈≈≈≈≈≈≈≈ ≈
≈,≈≈ ≈≈≈≈≈≈≈≈≈≈≈≈≈≈≈≈≈≈≈≈≈≈
≈ ≈
≈,,....≈≈≈≈≈≈≈≈≈≈≈≈≈≈≈≈≈ ≈
≈ ....≈≈...≈≈≈≈≈≈≈≈≈≈≈ ≈
≈≈≈.**#..≈≈.#..≈≈≈≈≈≈≈≈≈≈ ≈
≈≈≈.###.H≈≈....≈≈≈≈≈≈≈≈≈≈
≈≈
≈≈≈≈≈...H@m≈≈≈≈≈≈..≈≈≈≈≈≈≈
≈ ≈ ≈
≈≈≈≈≈.(≈m≈≈.≈≈..)<≈≈≈≈≈≈≈
≈≈
≈≈≈≈≈≈≈≈.≈≈≈.≈.≈)≈()≈≈≈≈≈≈≈
≈≈
≈≈≈≈≈≈≈≈≈≈≈....≈≈....≈≈≈≈≈
≈ ≈ ≈ ≈
≈≈≈≈≈≈.≈≈.(##.......≈≈≈≈≈
≈≈≈≈≈≈≈≈≈≈.(((...≈.≈≈≈≈≈≈ ≈
≈≈≈≈≈≈≈≈)()(>(....≈≈≈≈≈≈≈ ≈
≈≈≈≈≈≈≈≈≈))^........(.≈≈≈≈
≈ ≈≈≈≈≈≈≈≈≈)≈≈≈≈≈......≈≈≈≈


You could see 2 water nymphs and 2 harpies.

Vanquished Creatures
  An Ice Fiend (IceCv)
  Gastronok (Lair:3)
  3 ghost moths (Spider:4)
  3 emperor scorpions (Spider:4)
  3 entropy weavers
  2 spark wasps (Spider:4)
  Josephine (D:10)
  Harold (D:10)
  A catoblepas (Lair:2)
  Sonja (Lair:3)
  A wretched star (Abyss:1)
  Nergalle (Lair:3)
  4 sea snakes
  A spatial maelstrom (Abyss:1)
  Pikel (D:7)
  11 wolf spiders
  10 orb spiders
  4 harpies (Shoals:1)
  2 manticores
  6 fauns (Shoals:2)
  An ugly thing (D:8)
  A moth of wrath (Spider:4)
  Joseph (D:7)
  4 merfolk sirens
  2 black mambas
  4 spiny frogs
  2 torpor snails (Spider:4)
  Maggie (D:7)
  2 freezing wraiths (IceCv)
  2 anaconda simulacra (IceCv)
  7 demonic crawlers
  A golden dragon simulacrum (IceCv)
  7 ice devils (IceCv)
  6 merfolk (Shoals:1)
  A polar bear (Lair:5)
  21 jumping spiders
  Grinder (D:3)
  6 hippogriffs
  4 hornets
  22 blink frogs
  37 redbacks
  7 starcursed masses (Abyss:1)
  13 tarantellas
  A water elemental (Shoals:1)
  Grum (D:10)
  2 dire elephant simulacra (IceCv)
  A small abomination (Abyss:1)
  22 yaks
  A wyvern (Lair:4)
  2 basilisks
  A hungry ghost (D:10)
  2 death yak simulacra (IceCv)
  3 wraiths (D:10)
  A chaos spawn (Abyss:1)
  A spatial vortex (Abyss:1)
  2 harpy simulacra (IceCv)
  6 water moccasins
  7 porcupines
  6 hydra simulacra (IceCv)
  A sky beast (D:3)
  A slave (D:7)
  2 orc warriors
  2 ettin simulacra (IceCv)
  5 ogres
  9 wolves
  6 centaurs
  5 crocodiles
  4 gnoll sergeants (D:10)
  11 bullfrogs
  A wyvern zombie (D:8)
  A wyvern skeleton (D:9)
  A water moccasin skeleton (D:8)
  2 scorpions
  5 killer bees (D:10)
  An electric eel (Lair:2)
  A howler monkey (D:5)
  7 crimson imps
  2 draconian simulacra (IceCv)
  An orc priest (D:5)
  10 hounds
  A jelly (D:5)
  2 bullfrog skeletons
  5 orc wizards
  2 centaur skeletons
  4 gnoll shamans (D:10)
  An iron imp (Abyss:1)
  Terence (D:3)
  2 iguanas
  3 worker ants
  2 spriggan simulacra (IceCv)
  2 polar bear simulacra (IceCv)
  A killer bee zombie (D:8)
  2 centaur simulacra (IceCv)
  A hound zombie (D:5)
  A hound skeleton (D:9)
  A worker ant zombie (D:6)
  23 gnolls (D:10)
  A river rat (D:3)
  6 adders
  A naga simulacrum (IceCv)
  4 ogre simulacra (IceCv)
  2 shadow imps (D:9)
  2 white imps (IceCv)
  8 ufetubi
  3 adder skeletons
  5 worms
  A dart slug (D:5)
  7 leopard geckos
  28 orcs
  3 ball pythons
  6 giant cockroaches
  4 goblins
  6 hobgoblins
  17 jackals
  6 quokkas
  7 bats
  5 frilled lizards
  A goblin skeleton (D:4)
  A hobgoblin zombie (D:4)
  A jackal zombie (D:6)
  3 kobolds
  A kobold skeleton (D:4)
  A leopard gecko zombie (D:7)
  An orc skeleton (D:4)
  An orc zombie (D:4)
  12 rats
  2 fungi
  A lurking horror (Abyss:1)
549 creatures vanquished.

Vanquished Creatures (collateral kills)
  A ghost moth (Spider:4)
  A hydra (Lair:1)
  2 orb spiders (Spider:4)
  A spiny frog (Lair:1)
  3 jumping spiders (Spider:4)
  A hornet (Spider:4)
  3 yaks (Lair:1)
  An ogre (D:10)
  A wolf (D:10)
  A gnoll sergeant (D:10)
  5 killer bees (D:10)
  2 hounds (D:10)
  A gnoll shaman (D:10)
  3 gnolls (D:10)
  A jackal (D:10)
  A plant (Lair:1)
28 creatures vanquished.

Vanquished Creatures (others)
  2 ghost moths (Spider:4)
  A redback (Spider:4)
  A white imp (IceCv)
  2 fungi
  2 plants
8 creatures vanquished.

Grand Total: 585 creatures vanquished

Notes
Turn   | Place    | Note
-------+----------+-------------------------------------------
     0 | D:1      | Flugslaktarn the Deep Dwarf Fighter began the quest for the
                  | Orb.
     0 | D:1      | Reached XP level 1. HP: 20/20 MP: 1/1
    89 | D:1      | Reached XP level 2. HP: 27/27 MP: 2/2
   604 | D:2      | Noticed a bullfrog
   617 | D:2      | Killed a bullfrog
   617 | D:2      | Reached skill level 3 in Axes
   617 | D:2      | Reached XP level 3. HP: 34/34 MP: 3/3
   617 | D:2      | Reached XP level 4. HP: 42/42 MP: 4/4
   773 | D:3      | Found a glowing drain.
   789 | Sewer    | Entered a sewer
   980 | Sewer    | Reached XP level 5. HP: 36/49 MP: 5/5
  1169 | D:3      | Reached skill level 4 in Axes
  1244 | D:3      | Noticed Terence
  1268 | D:3      | Killed Terence
  1601 | D:3      | Noticed Grinder
  1605 | D:3      | Paralysed by Grinder for 2 turns
  1608 | D:3      | Paralysed by Grinder for 6 turns
  1619 | D:3      | Killed Grinder
  1619 | D:3      | Reached skill level 5 in Axes
  1619 | D:3      | Reached XP level 6. HP: 42/57 MP: 5/5
  1840 | D:3      | Noticed a sky beast
  1860 | D:3      | Killed a sky beast
  1865 | D:3      | Reached XP level 7. HP: 50/64 MP: 5/5
  1875 | D:3      | Found a faded altar of an unknown god.
  1964 | D:3      | Found a sacrificial altar of Ru.
  2254 | D:4      | Found a staircase to the Ecumenical Temple.
  2259 | D:4      | Reached skill level 5 in Armour
  2259 | D:4      | Reached skill level 5 in Shields
  2266 | Temple   | Entered the Ecumenical Temple
  2290 | Temple   | Became a worshipper of Makhleb the Destroyer
  2449 | D:4      | Reached skill level 6 in Axes
  2452 | D:4      | Reached skill level 1 in Invocations
  2672 | D:4      | Found a glowing golden altar of the Shining One.
  2723 | D:4      | Reached * piety under Makhleb
  2936 | D:5      | Entered Level 5 of the Dungeon
  2963 | D:5      | Reached XP level 8. HP: 55/73 MP: 6/6
  3274 | D:5      | Reached skill level 7 in Axes
  4316 | D:6      | Reached skill level 5 in Fighting
  4423 | D:7      | Noticed Pikel
  4450 | D:7      | Killed Pikel
  4450 | D:7      | Reached skill level 8 in Axes
  4450 | D:7      | Gained mutation: You passively map the area around you.
                  | [Deep Dwarf growth]
  4450 | D:7      | Reached XP level 9. HP: 65/81 MP: 6/8
  4549 | D:7      | Found a shimmering altar of Xom.
  4551 | D:7      | Found a shimmering altar of Xom.
  4551 | D:7      | Found a shimmering altar of Xom.
  4552 | D:7      | Found a shimmering altar of Xom.
  4552 | D:7      | Found a shimmering altar of Xom.
  4553 | D:7      | Found a shimmering altar of Xom.
  4555 | D:7      | Reached ** piety under Makhleb
  4641 | D:7      | Found Nemeduf's Antique Armour Boutique.
  4759 | D:7      | Found Mophauj's Magic Scroll Boutique.
  4776 | D:7      | Bought a scroll of brand weapon for 320 gold pieces
  4834 | D:7      | Noticed Maggie
  4852 | D:7      | Killed Maggie
  4852 | D:7      | Reached skill level 5 in Invocations
  4866 | D:7      | Noticed Joseph
  4882 | D:7      | Killed Joseph
  4918 | D:7      | Reached skill level 9 in Axes
  4933 | D:7      | Found Ciocoju's Jewellery Shoppe.
  5110 | D:8      | Noticed a cyan ugly thing
  5121 | D:8      | Killed a cyan ugly thing
  5154 | D:8      | Found Qaytt's Weapon Shop.
  5246 | D:8      | Reached XP level 10. HP: 79/91 MP: 10/10
  6208 | D:10     | Entered Level 10 of the Dungeon
  6239 | D:10     | Reached *** piety under Makhleb
  6260 | D:10     | Noticed Harold
  6271 | D:10     | Killed Harold
  6271 | D:10     | Reached skill level 10 in Axes
  6376 | D:10     | Noticed Josephine
  6393 | D:10     | Noticed Grum
  6397 | D:10     | Killed Josephine
  6397 | D:10     | Reached skill level 11 in Axes
  6421 | D:10     | Killed Grum
  6442 | D:10     | Found a staircase to the Lair.
  6592 | D:10     | Reached XP level 11. HP: 68/100 MP: 8/8
  6654 | D:10     | Reached **** piety under Makhleb
  7193 | D:7      | Bought an uncursed ring of poison resistance for 260 gold
                  | pieces
  7277 | Lair:1   | Entered Level 1 of the Lair of Beasts
  7608 | Lair:1   | Noticed an eight-headed hydra
  7623 | Lair:1   | Killed a ten-headed hydra
  7623 | Lair:1   | Reached skill level 12 in Axes
  7684 | Lair:1   | Found a blossoming altar of Fedhas.
  7697 | Lair:1   | Noticed an oklob plant
  8678 | Lair:2   | Noticed a catoblepas
  8698 | Lair:2   | Killed a catoblepas
  8820 | Lair:3   | Noticed Gastronok
  8835 | Lair:3   | Killed Gastronok
  8835 | Lair:3   | Reached skill level 13 in Axes
  8835 | Lair:3   | Reached skill level 10 in Armour
  8835 | Lair:3   | Reached skill level 10 in Shields
  8835 | Lair:3   | Reached XP level 12. HP: 83/112 MP: 9/9
  8902 | Lair:3   | Noticed Nergalle
  8921 | Lair:3   | Killed Nergalle
  8967 | Lair:3   | Found a bloodstained altar of Trog.
  8969 | Lair:3   | Noticed Sonja
  8981 | Lair:3   | Cast into level 1 of the Abyss (Sonja)
  8981 | Abyss:1  | Found a corrupted altar of Lugonu.
  8992 | Abyss:1  | Noticed a starcursed mass
  9002 | Abyss:1  | Noticed a starcursed mass
  9025 | Abyss:1  | Killed a starcursed mass
  9031 | Abyss:1  | Found a corrupted altar of Lugonu.
  9144 | Abyss:1  | Found a corrupted altar of Lugonu.
  9190 | Lair:3   | Escaped the Abyss
  9254 | Lair:3   | Killed Sonja
  9321 | Lair:3   | Reached skill level 14 in Axes
  9435 | Lair:3   | Found a hole to the Spider Nest.
  9719 | Lair:4   | Reached ***** piety under Makhleb
  9888 | Lair:4   | Found a radiant altar of Vehumet.
 10030 | Lair:4   | Found a staircase to the Shoals.
 10097 | Lair:4   | Reached XP level 13. HP: 78/121 MP: 6/6
 10761 | Spider:1 | Entered Level 1 of the Spider Nest
 10761 | Spider:1 | Noticed an entropy weaver
 10771 | Spider:1 | Killed an entropy weaver
 10879 | Spider:1 | Reached skill level 15 in Axes
 11076 | Spider:2 | Reached skill level 10 in Fighting
 11133 | Spider:4 | Entered Level 4 of the Spider Nest
 11225 | Spider:4 | Killed a ghost moth
 11250 | Spider:4 | Noticed an emperor scorpion
 11254 | Spider:4 | Reached ****** piety under Makhleb
 11280 | Spider:4 | Found a frozen archway.
 11300 | Spider:4 | Killed an emperor scorpion
 11345 | Spider:4 | Noticed an entropy weaver
 11355 | IceCv    | Entered an ice cave
 11527 | IceCv    | Gained mutation: You resist negative energy. (rN+) [Deep
                  | Dwarf growth]
 11527 | IceCv    | Reached XP level 14. HP: 113/132 MP: 7/9
 11699 | IceCv    | Reached skill level 10 in Invocations
 11781 | IceCv    | Noticed an Ice Fiend
 11789 | IceCv    | HP: 2/132 [anaconda simulacrum/exploding inner flame[the
                  | player character] (14)]
 11789 | IceCv    | Killed an Ice Fiend
 11819 | IceCv    | Got an opal-studded chain mail
 11824 | IceCv    | Got a twisted hat
 11830 | IceCv    | Got a pitted hat
 11842 | IceCv    | Identified the -1 hat of the Three of Pentacles {rF+ Regen+
                  | MP+9 Dex-4} (You found it in an ice cave)
 11852 | IceCv    | Identified the +1 hat "Jidwonuse" {rF+++} (You found it in
                  | an ice cave)
 11862 | IceCv    | Identified the +6 chain mail "Sielih" {MR- Regen+ rCorr
                  | SInv} (You found it in an ice cave)
 11913 | Spider:4 | Killed an entropy weaver
 11978 | Spider:4 | Noticed a ghost moth
 11992 | Spider:4 | Killed a ghost moth
 12017 | Spider:4 | Noticed a ghost moth
 12032 | Spider:4 | Killed a ghost moth
 12046 | Spider:4 | Noticed an emperor scorpion
 12057 | Spider:4 | Noticed an emperor scorpion
 12068 | Spider:4 | HP: 5/132 [spark wasp (12)]
 12069 | Spider:4 | Noticed a ghost moth
 12078 | Spider:4 | Killed a ghost moth
 12078 | Spider:4 | Reached skill level 15 in Invocations
 12098 | Spider:4 | Killed an emperor scorpion
 12106 | Spider:4 | Killed an emperor scorpion
 12223 | Spider:4 | Noticed an entropy weaver
 12224 | Spider:4 | Noticed a ghost moth
 12242 | Spider:4 | Killed a ghost moth
 12250 | Spider:4 | Killed an entropy weaver
 12320 | Spider:4 | Reached skill level 16 in Axes
 12380 | Spider:4 | Reached XP level 15. HP: 140/140 MP: 7/7
 12411 | Spider:4 | Got a gossamer rune of Zot
 12412 | Spider:4 | Noticed a ghost moth
 12432 | Spider:4 | Killed a ghost moth
 12585 | Shoals:1 | Entered Level 1 of the Shoals
 12596 | Shoals:1 | Identified the Grimoire of Black Rites and Poisoning
 12896 | Shoals:1 | Found Fish's Book Emporium.
 12956 | Shoals:2 | Reached skill level 1 in Dodging
 13036 | Shoals:2 | Killed from afar by a water nymph

Levels and vault maps discovered:
D:1:      shiori_arrival_maze, layout_loops_corners
D:2:      layout_loops_ring
D:3:      layout_loops_corners, first_ration, portal_sewer_entry_e,
          chequers_ecumenical_altar_island, hangedman_decor_opposing,
          nicolae_ru_the_path_less_chosen, uniq_terence, uniq_grinder
D:4:      layout_loops_corners, temple_green, nicolae_tso_besieged_by_evil
D:5:      layout_basic, glass_columns_a
D:6:      layout_basic
D:7:      layout_loops_ring, xom_redecorated, serial_shops, shop, shop, shop,
          uniq_pikel, uniq_joseph, uniq_maggie
D:8:      layout_basic, serial_shops, shop
D:9:      layout_cave_pods
D:10:     layout_cross, lair_entry_dummy, serial_gnoll_camp,
          gnoll_camp_medium_02, gnoll_camp_huts_basic, gnoll_camp_mini_basic,
          gnoll_camp_mini_basic, gnoll_camp_mini_house, gnoll_camp_mini_basic,
          grunt_ogre_cave, uniq_grum, uniq_josephine, uniq_harold
Temple:   grunt_wide_crystal_templ
Lair:1:   layout_roguey, nicolae_quartered_pool_medium, tgw_fedhas
Lair:2:   layout_regular_city, serial_bayou_shore_a
Lair:3:   layout_roguey, nicolae_spider_entry_orb_guardian, basic_altar,
          serial_bayou_shore_b, serial_bayou_shore_b, uniq_gastronok,
          uniq_sonja, uniq_nergalle
Lair:4:   layout_regular_city, elwin_shoals_entry_rocks, basic_altar,
          minmay_lair_oklob_chamber, grunt_megastairs_3
Lair:5:   layout_cave_pods, chequers_serial_rivers_micro_a,
          grunt_forest_large_clearing_hut, uniq_nessos
Shoals:1: layout_shoals, serial_shops, shop
Shoals:2: layout_shoals
Spider:1: layout_chambers, uniq_rupert, uniq_roxanne
Spider:2: layout_chambers
Spider:3: layout_spider_delve, drop_trap, uniq_aizul, uniq_arachne
Spider:4: johnstein_spider_rune_arachne_lair, portal_ice_cave_entry_pillars_2

Skill      XL: |  1  2  3  4  5  6  7  8  9 10 11 12 13 14 15 |
---------------+----------------------------------------------+-----
Fighting       | 3 4 5 6 7 8 9 10 | 10.8
Axes           | 3 5 6 8 9 11 13 14 15 16 | 16.5
Armour         | 4 5 6 7 8 10 11 12 | 12.5
Shields        | 4 5 6 7 8 10 11 12 | 12.5
Invocations    | 2 4 6 9 15 | 15.0
Dodging        | 1 |  1.6

Action                   |  1- 3 |  4- 6 |  7- 9 | 10-12 | 13-15 || total
-------------------------+-------+-------+-------+-------+-------++-------
Melee: War axe           |    52 |   203 |   268 |       |       ||   523
       Broad axe         |       |       |    61 |   724 |   792 ||  1577
Invok: Lesser Servant of |       |       |       |     9 |       ||     9
       Greater Servant o |       |       |       |       |     5 ||     5
 Abil: Heal Wounds       |     1 |     2 |     4 |    23 |    29 ||    59
Evoke: Wand              |       |       |       |     2 |     5 ||     7
  Use: Scroll            |       |       |    17 |    12 |     4 ||    33
       Potion            |       |       |       |       |     4 ||     4
 Stab: Distracted        |       |       |       |     3 |     2 ||     5
       Paralysed         |       |       |       |     1 |    13 ||    14
  Eat: Chunk             |       |     4 |    11 |    17 |     4 ||    36
       Ration            |       |       |       |     1 |     2 ||     3
Armor: Scale mail        |    30 |       |       |       |       ||    30
       Chain mail        |       |   138 |    74 |       |   423 ||   635
       Plate armour      |       |       |    52 |   403 |   365 ||   820
Dodge: Dodged            |    18 |    60 |    64 |   202 |   390 ||   734
Block: Kite shield       |    19 |   134 |   161 |   449 |   729 ||  1492

Table legend:
 A = Non-vault XP
 B = Vault XP
 C = Vault XP percentage of total XP
 D = Non-vault monster count
 E = Vault monster count
 F = Vault count percentage of total count
                 A         B        C        D         E       F
            +---------+---------+-------+---------+---------+-------
      Total |   68398 |   50516 |  42.5 |     364 |     209 |  36.5
            +---------+---------+-------+---------+---------+-------
        D:1 |      17 |       1 |   5.6 |      10 |       1 |   9.1
        D:2 |     105 |       0 |   0.0 |      11 |       0 |   0.0
        D:3 |     259 |     356 |  57.9 |      23 |      10 |  30.3
        D:4 |     374 |      55 |  12.8 |      20 |       6 |  23.1
        D:5 |     550 |       0 |   0.0 |      18 |       0 |   0.0
        D:6 |     483 |       0 |   0.0 |      13 |       0 |   0.0
        D:7 |     539 |    1481 |  73.3 |       8 |       3 |  27.3
        D:8 |    1357 |       0 |   0.0 |      22 |       0 |   0.0
        D:9 |     389 |       0 |   0.0 |       9 |       0 |   0.0
       D:10 |    2220 |    4367 |  66.3 |      35 |      56 |  61.5
     Lair:1 |    4080 |       0 |   0.0 |      20 |       0 |   0.0
     Lair:2 |    4229 |       0 |   0.0 |      16 |       0 |   0.0
     Lair:3 |    2745 |    4482 |  62.0 |      16 |       4 |  20.0
     Lair:4 |    7020 |    1920 |  21.5 |      30 |       8 |  21.1
     Lair:5 |     446 |       0 |   0.0 |       2 |       0 |   0.0
   Shoals:1 |    7984 |       0 |   0.0 |      17 |       0 |   0.0
   Shoals:2 |    5969 |       0 |   0.0 |      12 |       0 |   0.0
   Spider:1 |    6019 |       0 |   0.0 |      16 |       0 |   0.0
   Spider:2 |    4171 |       0 |   0.0 |      14 |       0 |   0.0
   Spider:3 |    2165 |       0 |   0.0 |       9 |       0 |   0.0
   Spider:4 |   13240 |   28129 |  68.0 |      30 |      56 |  65.1
    Abyss:1 |    4037 |       0 |   0.0 |      13 |       0 |   0.0
      Sewer |       0 |      38 | 100.0 |       0 |      16 | 100.0
      IceCv |       0 |    9687 | 100.0 |       0 |      49 | 100.0
            +---------+---------+-------+---------+---------+-------
